Map: King of Braxis Station

Players

MrFercho

  • Race: Terran Terran
  • Spawn Location: 9:00

tigro

  • Race: Terran Terran
  • Spawn Location: 11:00

IA (Difícil)

  • Race: Zerg Zerg
  • Spawn Location: 5:00

IA (Difícil)

  • Race: Protoss Protoss
  • Spawn Location: 7:00

JackalSnacks

  • Race: Protoss Protoss
  • Spawn Location: 1:00

TheHacker

  • Race: Zerg Zerg
  • Spawn Location: 6:00

Zhercool

  • Race: Protoss Protoss
  • Spawn Location: 12:00

VOD

Have the link to the VOD?

Description

Time

  • Played on: March 23, 2020, 9:37 p.m.
  • Length: 29:33
Show
View Real Time Build Order
Export as new Build Order

MrFercho Terran 

Build Orders:  

Get SALT Encoding   

  12  0:03  SCV  
  13  0:15  SCV  
  13  0:20  Supply Depot  
  14  0:32  Refinery  
  14  0:50  SCV  
  15  1:06  Engineering Bay  
  15  1:17  Barracks  
  15  1:18  SCV  
  16  1:30  SCV  
  17  1:42  SCV  
  18  1:48  Refinery  
  18  1:54  SCV  
  19  2:06  Factory, SCV  
  20  2:13  Barracks Tech Lab  
  20  2:18  SCV  
  21  2:30  SCV  
  22  2:55  Ghost Academy  
  22  2:57  Factory Tech Lab  
  22  2:59  Orbital Command  
  22  3:18  Supply Depot x2  
  22  3:19  Supply Depot  
  22  3:22  Supply Depot  
  22  3:31  Marauder, Siege Tank  
  27  3:36  Personal Cloaking  
  27  3:40  Supply Depot, SCV  
  28  3:52  SCV  
  29  4:04  SCV  
  30  4:16  SCV  
  31  4:23  Armory  
  31  4:28  SCV  
  30  4:56  Starport  
  30  4:59  Starport  
  30  5:02  Terran Infantry Armor Level 1  
  30  5:09  Hellion  
  30  5:12  Armory  
  32  5:19  Missile Turret  
  25  5:30  Hellion  
  26  5:42  Missile Turret  
  26  5:52  Hellion  
  28  6:01  Terran Vehicle Weapons Level 1  
  28  6:12  Thor, SCV  
  35  6:24  SCV  
  35  6:25  Starport Tech Lab  
  36  6:26  Starport, Starport Tech Lab  
  36  6:36  SCV  
  36  6:38  Nuke  
  37  6:48  SCV  
  38  6:56  Missile Turret  
  38  7:01  Siege Tank  
  41  7:23  Ghost  
  43  7:43  Engineering Bay  
  43  7:52  Armory  
  43  7:59  Starport Tech Lab  
  43  8:12  Engineering Bay  
  43  8:27  Banshee x2  
  49  8:43  Terran Infantry Weapons Level 1  
  49  9:16  Command Center  
  49  9:52  SCV  
  50  10:04  SCV  
  51  10:08  Unknown  
  51  10:13  Terran Vehicle Weapons Level 2  
  51  10:15  Terran Vehicle And Ship Armor Level 1  
  51  10:16  SCV  
  52  10:23  Hellion  
  54  10:28  SCV  
  55  10:41  SCV  
  56  10:44  Hellion  
  58  11:05  Hellion  
  60  11:17  Factory  
  60  11:27  Hellion  
  62  11:48  Hellion  
  64  12:01  Planetary Fortress  
  64  12:02  Factory  
  64  12:07  SCV  
  65  12:19  SCV  
  66  12:31  SCV  
  66  12:35  Unknown  
  67  12:43  SCV  
  68  12:52  Factory Tech Lab x2  
  68  12:55  SCV  
  69  13:08  Barracks  
  69  13:11  Terran Ship Weapons Level 1, Terran Vehicle And Ship Armor Level 2  
  69  13:45  SCV  
  70  13:55  Barracks  
  70  13:57  SCV  
  71  14:03  Supply Depot  
  71  14:04  Supply Depot  
  71  14:05  Supply Depot  
  71  14:06  Supply Depot  
  71  14:07  Supply Depot  
  71  14:09  SCV  
  72  14:26  Supply Depot, Fusion Core  
  72  14:27  Supply Depot  
  72  14:29  Fusion Core  
  72  14:32  Supply Depot  
  72  14:41  Siege Tank x2  
  72  14:42  Barracks, Siege Tank  
  81  14:47  Barracks Tech Lab x2  
  81  15:08  Missile Turret  
  81  15:10  Missile Turret  
  81  15:11  Missile Turret  
  81  15:12  Missile Turret  
  81  15:13  Thor x3, Missile Turret  
  99  15:30  Missile Turret  
  99  15:39  Missile Turret  
  97  16:41  Battlecruiser x3  
  115  16:56  SCV  
  116  17:09  SCV  
  111  17:21  SCV  
  106  17:32  Missile Turret  
  106  17:33  SCV  
  103  17:37  Missile Turret  
  103  17:39  Missile Turret  
  103  17:40  Missile Turret  
  101  17:45  Missile Turret, SCV  
  102  17:55  Missile Turret  
  98  18:02  Missile Turret  
  98  18:03  Missile Turret  
  98  18:04  Missile Turret  
  94  18:09  Missile Turret  
  86  18:19  Missile Turret  
  83  18:24  Missile Turret  
  77  18:27  Missile Turret  
  77  18:28  Missile Turret  
  77  18:30  Missile Turret  
  65  18:41  Missile Turret  
  65  18:45  Missile Turret  
  65  18:54  Battlecruiser x2  
  65  18:55  Battlecruiser  
  83  19:10  Ghost  
  83  19:14  Nuke  
  85  19:18  Thor x3  
  85  20:14  Thor  
  85  20:16  Thor  
  97  21:39  Missile Turret  
  97  21:41  Missile Turret  
  97  21:59  Missile Turret  
  95  22:02  Missile Turret  
  95  22:21  Missile Turret  
  87  23:07  Ghost x3  
  93  23:25  Missile Turret  
  93  23:27  Missile Turret x3  
  93  23:29  Missile Turret  
  93  23:30  Missile Turret  
  93  23:32  Battlecruiser x2  
  105  23:45  Missile Turret  
  105  23:47  Missile Turret  
  105  23:48  Missile Turret x2  
  105  23:53  Missile Turret x2  
  57  24:57  Battlecruiser  
  63  25:11  Marine x3  
  48  25:29  Marine x3  
  43  25:47  Marine x3  
  42  26:04  Marine  
  42  26:09  Nuke  
Show
View Real Time Build Order
Export as new Build Order

tigro Terran 

Build Orders:  

Get SALT Encoding   

  12  0:03  SCV  
  13  0:15  SCV  
  14  0:23  Supply Depot  
  14  0:27  SCV  
  15  0:58  Barracks  
  15  1:01  Refinery  
  15  1:04  SCV  
  16  1:16  Supply Depot, SCV  
  17  1:28  SCV  
  18  1:40  SCV, Refinery  
  18  1:46  Barracks  
  19  1:55  Marine  
  20  2:13  Marine  
  21  2:30  Marine  
  21  2:33  SCV  
  23  2:38  Barracks Tech Lab  
  23  2:42  Engineering Bay  
  23  2:46  Orbital Command  
  23  2:48  Marine  
  24  3:06  Marine  
  25  3:21  Missile Turret  
  25  3:22  Combat Shield  
  25  3:24  Marine  
  26  3:27  Marauder  
  28  3:49  Marauder  
  30  4:01  Missile Turret  
  30  4:06  Barracks Tech Lab  
  30  4:31  Missile Turret  
  30  4:40  Stimpack  
  30  4:41  Supply Depot  
  30  4:48  SCV  
  31  5:03  Marauder, SCV  
  34  5:08  Factory  
  34  5:09  Supply Depot  
  34  5:15  SCV  
  35  5:25  Marauder  
  37  5:43  Missile Turret  
  37  5:46  Marauder  
  39  5:53  Factory  
  39  5:55  Factory Tech Lab  
  39  6:12  Missile Turret  
  39  6:14  Infernal Pre-Igniter  
  39  6:17  Siege Tank  
  42  6:20  Concussive Shells  
  42  6:44  Missile Turret  
  42  6:46  Armory  
  42  6:50  Siege Tank  
  42  6:51  Factory Tech Lab  
  45  7:22  Siege Tank  
  48  7:24  Missile Turret  
  48  7:33  Mag-Field Accelerator, Missile Turret  
  48  7:53  Terran Infantry Weapons Level 1  
  48  7:57  Terran Vehicle Weapons Level 1  
  48  8:36  Missile Turret  
  48  8:38  Starport  
  48  8:40  Siege Tank  
  51  8:53  Marine  
  52  9:09  Supply Depot  
  52  9:11  Marine  
  53  9:29  Marine  
  54  9:46  Marine  
  54  9:47  Terran Infantry Armor Level 1, Starport Tech Lab  
  55  9:55  Missile Turret  
  55  10:04  Marine  
  56  10:57  Command Center  
  56  11:29  Unknown  
  56  11:41  Neosteel Armor  
  56  11:52  Corvid Reactor  
  56  12:28  Starport  
  56  12:39  Planetary Fortress  
  56  12:56  Terran Vehicle Weapons Level 2  
  56  13:09  Fusion Core  
  56  13:10  Cloaking Field  
  56  13:16  SCV  
  57  13:21  Hi-Sec Auto Tracking  
  57  13:28  SCV  
  58  13:40  SCV  
  59  13:51  Missile Turret  
  59  13:52  SCV  
  60  14:04  SCV  
  61  14:18  Terran Infantry Weapons Level 2  
  61  14:25  Marine  
  61  14:28  Marine  
  61  14:29  Hyperflight Rotors, Missile Turret  
  62  14:34  Siege Tank  
  65  14:43  Marine  
  66  14:46  Marine  
  65  15:01  Marine  
  65  15:04  Marine  
  64  15:13  Terran Vehicle And Ship Armor Level 1  
  59  15:19  Marine  
  57  15:22  Marine  
  58  15:37  Marine  
  58  15:40  Marine  
  60  15:53  Factory Tech Lab  
  60  15:55  Factory Tech Lab  
  55  16:28  Missile Turret  
  55  16:46  SCV  
  53  16:56  Raven  
  53  16:58  SCV  
  53  16:59  Starport Tech Lab  
  56  17:07  Terran Ship Weapons Level 1  
  56  17:10  SCV  
  50  17:33  Missile Turret  
  50  17:39  Raven  
  51  18:09  Battlecruiser  
  57  18:15  SCV  
  58  18:21  Raven  
  58  18:26  Missile Turret  
  61  18:27  SCV  
  61  18:39  Marine  
  62  18:50  Supply Depot  
  62  19:12  Raven, Siege Tank  
  62  19:13  Medivac  
  62  19:16  Missile Turret  
  69  19:41  Missile Turret  
  69  19:55  Medivac  
  71  20:18  Supply Depot  
  71  20:25  Battlecruiser  
  71  20:28  Siege Tank  
  80  20:53  Thor  
  86  20:59  Thor  
  92  21:18  Missile Turret  
  92  21:39  Battlecruiser  
  98  21:45  Thor  
  104  21:51  Terran Vehicle Weapons Level 3  
  104  21:56  Weapon Refit  
  67  22:30  Marine  
  67  22:33  Marine  
  49  22:47  Marine  
  49  22:48  Missile Turret  
  49  22:51  Marine  
  41  23:05  Marine  
  41  23:08  Marine  
  24  23:42  Missile Turret  
  3  24:28  Terran Ship Weapons Level 2  
Show
View Real Time Build Order
Export as new Build Order

IA (Difícil) Zerg 

Build Orders: 1 Base Baneling Bust, Pool First 

Get SALT Encoding   

  12  0:01  Drone  
  13  0:12  Overlord  
  13  0:18  Drone  
  14  0:30  Drone  
  14  0:32  Drone  
  16  0:43  Spawning Pool  
  16  0:46  Drone  
  16  0:49  Drone  
  17  0:53  Extractor  
  17  0:55  Drone  
  17  1:06  Overlord  
  17  1:31  Zergling x2, Queen  
  20  1:37  Zergling x2  
  20  1:38  Drone  
  22  1:40  Roach Warren  
  22  1:41  Extractor  
  20  1:49  Drone  
  21  2:00  Drone  
  22  2:10  Overlord  
  22  2:21  Drone  
  23  2:32  Roach  
  25  2:38  Roach, Drone  
  25  2:41  Overlord  
  28  2:45  Roach  
  30  2:54  Roach  
  32  3:05  Roach  
  34  3:10  Drone  
  34  3:12  Roach  
  37  3:16  Overlord  
  37  3:18  Roach  
  39  3:27  Drone  
  40  3:35  Baneling Nest  
  40  3:38  Drone  
  40  3:41  Drone  
  40  3:42  Roach  
  40  3:43  Evolution Chamber  
  40  3:45  Drone  
  43  3:50  Drone  
  44  4:00  Drone  
  45  4:11  Drone  
  46  4:56  Lair, Overlord, Drone  
  46  4:57  Zerg Melee Weapons Level 1  
  46  4:58  Drone, Evolution Chamber  
  47  5:01  Drone  
  48  5:23  Zerg Ground Armor Level 1  
  48  5:26  Overlord  
  47  5:43  Spore Crawler  
  47  5:44  Zergling x2, Drone  
  47  5:53  Overseer  
  47  5:54  Burrow, Drone, Spore Crawler  
  47  5:55  Overseer  
  47  5:58  Hydralisk Den, Drone  
  47  6:02  Roach  
  33  6:10  Roach  
  35  6:19  Roach  
  35  6:25  Spine Crawler  
  36  6:26  Drone  
  36  6:27  Roach  
  34  6:35  Hydralisk  
  34  6:38  Drone  
  30  6:44  Ravager, Hydralisk  
  33  6:51  Drone, Zerg Missile Weapons Level 1  
  33  6:52  Drone  
  33  6:53  Zergling x2, Drone  
  37  6:58  Drone  
  38  7:02  Ravager  
  38  7:04  Queen  
  41  7:09  Roach  
  43  7:19  Hydralisk  
  43  7:22  Spine Crawler  
  44  7:31  Roach  
  46  7:39  Infestation Pit  
  46  7:40  Queen  
  46  7:41  Drone  
  48  7:52  Drone, Spire  
  48  8:03  Drone  
  49  8:11  Roach  
  53  8:20  Roach  
  53  8:27  Hydralisk  
  55  8:43  Overseer, Roach, Pneumatized Carapace  
  55  8:44  Overlord  
  55  8:47  Roach  
  59  8:51  Roach  
  61  8:56  Roach  
  61  8:59  Queen  
  61  9:00  Roach  
  65  9:03  Overlord  
  65  9:12  Roach  
  65  9:16  Hydralisk  
  69  9:20  Hydralisk  
  70  9:25  Infestor  
  70  9:30  Zergling x2  
  68  9:34  Overseer  
  68  9:38  Roach  
  55  9:42  Roach  
  57  9:47  Roach  
  57  9:51  Roach  
  61  9:59  Hydralisk  
  63  10:08  Hydralisk  
  65  10:17  Hydralisk  
  67  10:45  Zerg Melee Weapons Level 2  
  67  11:18  Hatchery  
  67  11:20  Drone  
  67  11:27  Zerg Ground Armor Level 2  
  67  11:45  Zergling x2  
  67  11:49  Hydralisk  
  57  11:54  Roach  
  57  11:58  Hydralisk  
  49  12:01  Roach  
  49  12:07  Zergling x2  
  43  12:14  Roach  
  43  12:18  Queen, Roach  
  41  12:23  Roach  
  41  12:25  Drone  
  41  12:27  Roach  
  41  12:28  Drone  
  40  12:30  Zergling x2  
  40  12:32  Overlord  
  40  12:37  Hydralisk  
  35  12:38  Drone  
  35  12:39  Drone  
  35  12:40  Roach  
  35  12:41  Drone  
  35  12:42  Drone  
  35  12:44  Drone  
  38  12:45  Drone  
  38  12:47  Overseer  
  38  12:50  Drone  
  37  12:52  Zergling x2, Drone x2  
  33  13:01  Roach  
  33  13:04  Roach  
  37  13:07  Roach  
  37  13:12  Ravager, Roach  
  42  13:25  Ravager  
  43  13:28  Roach  
  45  13:37  Hydralisk  
  45  13:38  Overlord  
  47  13:46  Hydralisk  
  49  14:09  Overseer  
  49  14:15  Roach  
  51  14:19  Roach  
  51  14:23  Overlord, Roach  
  55  14:28  Roach  
  57  14:41  Ravager  
  58  14:46  Roach  
  58  14:52  Roach  
  60  14:55  Roach  
  60  14:56  Queen  
  60  14:57  Zergling x2  
  54  15:00  Drone  
  54  15:02  Drone  
  40  15:09  Hydralisk  
  40  15:14  Overlord, Roach  
  37  15:17  Zergling x2  
  36  15:21  Zergling x2  
  36  15:32  Overlord, Roach  
  36  15:35  Roach  
  40  15:38  Roach  
  40  15:41  Roach  
  44  15:43  Ravager  
  45  15:50  Roach  
  45  15:52  Overlord  
  45  15:53  Roach  
  45  15:55  Hydralisk  
  51  16:00  Hydralisk  
  53  16:28  Infestor  
  55  16:41  Overlord  
  55  16:59  Overlord, Swarm Host  
  58  17:05  Overseer  
  58  17:10  Roach  
  58  17:14  Roach  
  55  17:17  Zergling x2  
  55  17:20  Roach  
  40  17:23  Zergling x2  
  40  17:27  Zergling x2, Overlord  
  37  17:38  Zergling x2  
  37  17:40  Evolution Chamber  
  37  17:43  Queen  
  37  17:44  Zergling x2, Hydralisk Den  
  35  17:46  Overlord  
  35  17:47  Overlord  
  32  18:01  Spawning Pool  
  32  18:05  Drone  
  29  18:07  Drone  
  25  18:14  Hydralisk  
  25  18:16  Overlord  
  25  18:35  Overlord  
  25  18:45  Hatchery  
  25  18:48  Extractor  
  23  18:50  Zergling x2  
  23  18:52  Roach Warren  
  23  18:54  Drone  
  14  19:32  Extractor  
  13  19:56  Drone  
  13  19:59  Queen  
  16  20:07  Roach  
  18  20:18  Roach  
  20  20:28  Roach  
  22  20:37  Lair  
  22  20:38  Hydralisk  
  24  20:49  Hydralisk  
  25  21:00  Zergling x2  
  25  21:11  Roach  
  27  21:22  Roach  
  29  21:32  Overlord  
  29  21:35  Overseer  
  29  21:37  Overseer  
  29  21:43  Drone  
  30  21:54  Drone  
  31  22:05  Drone  
  32  22:17  Drone, Infestation Pit  
  31  22:55  Hive  
  31  23:07  Drone  
  32  23:13  Drone  
  32  23:19  Drone  
  34  23:30  Overlord  
  34  23:35  Drone  
  34  23:39  Drone  
  36  23:50  Drone  
  37  24:01  Drone  
  38  24:09  Overseer, Ultralisk Cavern  
  37  24:11  Overlord  
  37  24:22  Drone  
  38  24:33  Drone  
  39  24:44  Drone  
  40  24:54  Drone  
  41  25:05  Drone  
  42  25:08  Ultralisk, Overlord  
  42  25:13  Overseer, Roach  
  50  25:15  Spore Crawler  
  50  25:17  Drone  
  50  25:27  Hydralisk  
  52  25:36  Infestor, Overlord  
  58  25:42  Zergling x2  
  58  25:50  Roach  
  58  26:00  Hydralisk  
  58  26:02  Overseer  
  58  26:05  Overlord, Roach  
  58  26:08  Roach  
  62  26:23  Overlord, Roach  
  64  26:34  Roach  
  64  26:37  Roach  
  64  26:39  Roach  
  70  26:41  Overlord  
  70  26:47  Hydralisk  
  72  26:57  Infestor  
  74  27:02  Overlord, Hydralisk  
  74  27:03  Drone  
  74  27:05  Overseer  
  77  27:20  Overlord  
  80  27:31  Drone, Hydralisk  
  83  28:08  Pathogen Glands  
  83  29:04  Overlord, Viper  
Show
View Real Time Build Order
Export as new Build Order

IA (Difícil) Protoss 

Build Orders:  

Get SALT Encoding   

  12  0:01  Probe  
  13  0:13  Probe  
  14  0:21  Pylon  
  14  0:25  Probe  
  15  0:35  Probe  
  16  0:42  Gateway  
  16  0:43  Probe  
  17  0:50  Assimilator  
  17  0:52  Probe  
  18  1:01  Probe  
  18  1:03  Pylon  
  19  1:24  Probe  
  20  1:31  Zealot  
  22  1:33  Cybernetics Core  
  22  1:45  Gateway  
  22  1:49  Assimilator  
  22  1:59  Adept  
  22  2:04  Pylon  
  24  2:28  Warp Gate  
  24  2:29  Adept  
  26  2:37  Zealot  
  28  2:44  Pylon  
  28  2:57  Adept  
  28  2:59  Stalker  
  32  3:25  Adept, Pylon  
  32  3:26  Probe  
  35  3:34  Adept  
  35  3:39  Probe  
  38  3:48  Forge  
  38  3:51  Adept, Probe  
  41  4:03  Probe  
  41  4:04  Adept  
  44  4:15  Probe  
  45  4:27  Probe  
  45  4:29  Adept  
  47  4:39  Probe  
  48  5:46  Probe  
  48  5:58  Probe  
  48  6:01  Sentry, Protoss Ground Weapons Level 1  
  48  6:03  Gateway  
  51  6:06  Pylon  
  51  6:09  Photon Cannon  
  51  6:10  Stalker, Probe  
  54  6:12  Photon Cannon  
  54  6:14  Robotics Facility  
  54  6:17  Stargate  
  54  6:20  Twilight Council  
  54  6:23  Forge  
  54  6:24  Stalker  
  56  6:28  Pylon  
  56  6:33  Stalker  
  58  6:43  Sentry  
  59  6:55  Probe  
  59  6:56  Protoss Ground Armor Level 1  
  59  7:01  Observer  
  61  7:07  Stalker  
  55  7:16  Adept  
  55  7:20  Probe  
  55  7:22  Observer  
  48  7:25  Adept  
  46  7:35  Adept  
  48  7:43  Stalker  
  48  7:47  Void Ray  
  48  7:50  Stalker  
  35  8:00  Adept  
  35  8:03  Pylon  
  30  8:07  Stalker  
  20  8:15  Probe  
  20  8:16  Adept  
  11  8:25  Probe  
  11  8:26  Adept  
  11  8:33  Probe  
  7  8:35  Zealot  
  10  8:42  Probe  
  11  9:08  Sentry  
  13  9:23  Probe  
  14  9:37  Probe  
  15  9:55  Probe  
  16  10:07  Probe  
  17  10:19  Probe  
  18  10:28  Probe  
  19  10:36  Probe  
  20  10:45  Probe  
  21  10:55  Stalker  
  23  11:03  Probe  
  24  11:15  Probe  
  25  11:27  Probe  
  26  11:35  Probe  
  27  11:42  Gateway  
  27  11:43  Probe  
  27  11:54  Probe  
  29  12:06  Probe  
  30  12:11  Robotics Facility  
  30  12:18  Probe  
  31  12:30  Probe, Stargate  
  32  12:38  Stalker, Probe  
  35  12:46  Probe  
  36  12:56  Probe  
  36  13:00  Assimilator  
  37  13:08  Probe  
  37  13:09  Warp Prism  
  40  13:21  Probe  
  40  13:24  Pylon  
  41  13:28  Warp Prism  
  41  13:33  Probe  
  44  13:53  Warp Prism  
  46  14:03  Observer  
  46  14:06  Photon Cannon  
  47  14:15  Photon Cannon  
  47  14:18  Zealot  
  49  14:29  Pylon  
  49  14:30  Zealot  
  51  14:41  Stalker  
  53  14:48  Stalker  
  53  14:52  Adept  
  57  15:04  Adept  
  57  15:05  Pylon  
  58  15:10  Adept  
  58  15:13  Observer  
  61  15:18  Adept  
  63  15:25  Adept  
  65  15:36  Pylon  
  65  15:37  Adept  
  65  15:43  Adept  
  67  15:51  Stalker  
  65  16:00  Sentry  
  65  16:01  Observer  
  58  16:05  Zealot  
  56  16:16  Void Ray  
  61  16:18  Observer  
  61  16:24  Zealot  
  63  16:30  Zealot  
  65  16:38  Stalker  
  67  16:45  Stalker  
  69  16:52  Stalker  
  71  17:02  Sentry  
  71  17:06  Pylon  
  73  17:11  Protoss Ground Weapons Level 2  
  73  17:16  Void Ray  
  73  17:20  Probe  
  77  17:32  Probe  
  77  17:34  Observer  
  78  17:44  Probe  
  78  17:50  Pylon  
  79  18:04  Zealot  
  81  18:07  Templar Archives  
  81  18:13  Pylon  
  81  18:36  Zealot  
  81  18:40  Zealot  
  73  18:45  Zealot  
  54  18:49  High Templar  
  49  19:01  High Templar  
  51  19:16  Archon, Observer  
  52  19:43  High Templar  
  53  20:11  High Templar  
  55  20:25  Observer  
  55  20:26  Archon  
  56  20:38  Probe  
  56  20:52  High Templar  
  58  21:20  High Templar  
  60  21:28  Stalker  
  62  21:56  Archon  
  62  22:00  Robotics Bay  
  61  22:32  Observer  
  62  22:45  Disruptor  
  65  22:52  Stalker  
  67  22:58  Stalker  
  69  23:15  Sentry  
  71  23:29  Observer  
  70  23:52  Disruptor  
  73  24:29  Probe  
  74  24:36  Fleet Beacon  
  74  25:10  Adept  
  76  25:15  Adept  
  76  25:19  Adept  
  80  25:22  Tempest  
  80  25:27  Zealot  
  81  25:37  Stalker  
  81  25:40  Zealot  
  81  25:47  Immortal  
  68  25:50  Zealot  
  70  26:01  Observer  
  71  26:05  Adept  
  71  26:11  Adept  
  75  26:15  Adept  
  77  26:20  Adept  
  79  26:29  Stalker  
  81  26:37  Stalker  
  83  26:47  Stalker  
  85  27:05  Sentry  
  87  27:15  Immortal  
  91  27:52  Zealot  
  91  27:57  Pylon  
  93  28:19  High Templar  
  91  28:34  Zealot  
  91  28:40  Zealot  
  89  28:45  Zealot  
  85  28:52  High Templar  
  65  28:57  Stalker  
  53  29:06  Archon  
  53  29:24  High Templar  
Show
View Real Time Build Order
Export as new Build Order

JackalSnacks Protoss 

Build Orders: Double Forge 

Get SALT Encoding   

  12  0:06  Probe  
  13  0:22  Probe  
  14  0:37  Pylon  
  14  0:42  Assimilator  
  14  0:48  Probe  
  15  1:02  Probe  
  16  1:13  Gateway  
  16  1:14  Probe  
  17  1:23  Assimilator  
  17  1:36  Probe (Chrono Boost)  
  18  1:42  Pylon  
  19  1:48  Probe (Chrono Boost)  
  19  1:52  Probe (Chrono Boost)  
  20  2:01  Zealot  
  22  2:03  Probe  
  23  2:12  Gateway  
  23  2:15  Probe  
  24  2:21  Cybernetics Core  
  24  2:28  Pylon, Zealot  
  26  2:41  Probe  
  27  2:53  Probe  
  27  2:54  Pylon  
  28  3:01  Forge  
  28  3:05  Probe  
  29  3:08  Forge  
  29  3:14  Pylon  
  29  3:23  Pylon  
  28  3:59  Photon Cannon  
  28  4:00  Photon Cannon  
  28  4:14  Probe (Chrono Boost)  
  30  4:25  Probe (Chrono Boost)  
  30  4:27  Gateway  
  30  4:28  Gateway  
  30  4:30  Gateway, Probe (Chrono Boost)  
  30  4:31  Gateway  
  31  4:40  Probe  
  31  4:41  Robotics Facility  
  32  4:49  Warp Gate  
  32  4:53  Probe  
  32  4:58  Robotics Facility  
  33  5:12  Pylon  
  33  5:22  Pylon  
  33  5:27  Sentry  
  37  5:29  Stalker  
  37  5:30  Stalker  
  40  6:24  Photon Cannon  
  40  6:25  Photon Cannon x2  
  40  6:27  Photon Cannon  
Show
View Real Time Build Order
Export as new Build Order

TheHacker Zerg 

Build Orders: Pool First 

Get SALT Encoding   

  12  0:03  Drone  
  13  0:09  Drone  
  13  0:12  Extractor  
  13  0:14  Extractor  
  12  0:17  Drone  
  13  0:23  Drone  
  13  0:28  Overlord  
  16  0:47  Drone  
  16  0:48  Spawning Pool  
  16  0:51  Extractor  
  16  0:53  Drone  
  16  0:57  Drone  
  17  1:04  Evolution Chamber  
  17  1:08  Drone  
  17  1:19  Drone  
  18  1:26  Extractor  
  18  1:33  Overlord  
  18  1:34  Queen  
  20  1:40  Zergling x2  
  21  1:51  Metabolic Boost  
  21  1:52  Drone  
  22  2:02  Drone  
  24  2:15  Zergling x2  
  24  2:26  Overlord  
  24  2:28  Zerg Melee Weapons Level 1  
  24  2:32  Hatchery  
  23  2:39  Overlord  
  23  2:53  Extractor, Drone x3  
  25  3:09  Zergling x2  
  25  3:21  Zergling x2  
  25  3:23  Zergling x2  
  25  3:24  Zergling x2  
  25  3:25  Zergling x2  
  25  3:26  Lair  
  29  3:30  Drone  
  30  3:42  Zergling x2  
  31  3:49  Zergling x2  
  31  3:53  Zergling x2  
  32  3:58  Zergling x6  
  32  3:59  Zergling x2  
  36  4:05  Baneling Nest  
  36  4:07  Zergling x4  
  37  4:20  Zergling x4  
  38  4:36  Zergling x12  
  41  4:51  Zergling x2  
  41  4:52  Zergling x2  
  41  4:54  Hydralisk Den  
  41  4:59  Zergling x4  
  42  5:08  Drone  
  42  5:12  Drone  
  39  5:25  Zergling x2  
  40  5:34  Zergling x10  
  43  5:45  Zergling x2  
  43  5:46  Zergling x2  
  43  5:49  Grooved Spines  
  42  5:56  Zergling x2  
  39  5:57  Zergling x6  
  39  5:59  Queen  
  42  6:04  Zergling x2  
  42  6:14  Drone  
  43  6:20  Spore Crawler  
  42  6:31  Zergling x2  
  42  6:32  Zergling x8  
  43  6:53  Hatchery  
  42  7:00  Muscular Augments  
  42  7:02  Zergling x2  
  42  7:04  Baneling  
  42  7:05  Baneling x5  
  42  7:06  Baneling  
  42  7:07  Overlord  
  45  7:37  Drone x6  
  46  7:46  Zergling x2  
  46  7:47  Zergling x4  
  44  7:59  Zergling x2  
  44  8:00  Zergling x4  
  44  8:08  Hydralisk  
  46  8:15  Spore Crawler  
  46  8:16  Spore Crawler x2  
  46  8:17  Spore Crawler  
  46  8:19  Hydralisk x2  
  45  8:27  Hydralisk  
  39  8:42  Hydralisk  
  41  8:53  Hydralisk  
  41  8:54  Hydralisk  
  45  9:17  Hydralisk  
  45  9:18  Hydralisk  
  45  9:31  Drone x3  
  45  9:38  Hydralisk  
  47  9:48  Zerg Missile Weapons Level 1  
  47  9:55  Hydralisk  
  49  10:00  Drone  
  49  10:03  Drone  
  51  10:14  Overlord  
  51  10:32  Overlord x2  
  48  10:43  Hydralisk  
  48  10:44  Hydralisk x2  
  48  10:49  Hydralisk  
  54  10:56  Hydralisk  
  57  11:11  Drone x4  
  61  11:26  Zergling x2  
  62  11:43  Zergling x10  
  58  11:55  Zergling x4  
  58  11:59  Zerg Ground Armor Level 1  
  50  12:01  Zergling x2  
  49  12:11  Zergling x4  
  46  12:26  Zergling x2  
  46  12:27  Zergling x4  
  42  12:37  Hydralisk x2  
  42  12:39  Queen  
  46  12:48  Spine Crawler  
  46  12:50  Zergling x2  
  46  12:51  Zergling x2  
  36  13:18  Hydralisk  
  36  13:19  Hydralisk x4  
  44  13:24  Hydralisk  
  48  13:38  Hydralisk x2  
  52  13:53  Zerg Missile Weapons Level 2  
  52  13:57  Hydralisk  
  52  13:58  Hydralisk x4  
  62  14:11  Baneling  
  62  14:12  Zergling x2  
  62  14:13  Zergling x4  
  65  14:28  Hydralisk x3  
  70  14:47  Hydralisk x2  
  74  14:58  Zergling x4  
  74  14:59  Zergling x6  
  62  15:13  Overlord x2  
  62  15:14  Overlord  
  58  15:28  Zergling x2  
  57  15:29  Zergling x4  
  52  15:45  Hydralisk  
  52  15:46  Nydus Network  
  52  15:47  Hydralisk x2  
  54  16:04  Hydralisk x3  
  60  16:20  Zergling x8  
  64  16:40  Nydus Canal  
  64  16:41  Overseer, Infestation Pit  
  64  16:43  Drone  
  64  16:44  Drone x4  
  68  16:47  Drone  
  68  16:50  Drone  
  70  16:59  Zergling x2  
  70  17:00  Zergling x4  
  70  17:21  Nydus Canal  
  65  17:28  Hydralisk x3  
  65  17:29  Hydralisk  
  73  17:36  Zerg Ground Armor Level 2  
  73  17:44  Nydus Canal  
  73  17:50  Drone x3  
  76  17:54  Overseer  
  76  18:04  Drone x5  
  75  18:38  Hydralisk x5  
  73  19:17  Hydralisk x5  
  77  19:39  Hydralisk x2  
  77  19:40  Hydralisk x2  
  81  19:51  Spore Crawler  
  81  19:52  Spore Crawler  
Show
View Real Time Build Order
Export as new Build Order

Zhercool Protoss 

Build Orders:  

Get SALT Encoding   

  12  0:01  Probe  
  13  0:13  Probe  
  14  0:17  Pylon  
  14  0:25  Probe (Chrono Boost)  
  14  0:28  Assimilator  
  15  0:37  Probe (Chrono Boost)  
  15  0:42  Probe (Chrono Boost)  
  16  0:49  Gateway  
  17  0:52  Probe  
  18  1:04  Probe (Chrono Boost)  
  19  1:15  Probe (Chrono Boost)  
  20  1:20  Probe (Chrono Boost)  
  20  1:24  Assimilator  
  21  1:30  Pylon  
  21  1:31  Probe  
  22  1:33  Pylon  
  22  1:43  Probe  
  23  1:54  Cybernetics Core  
  23  1:56  Forge, Probe  
  24  2:08  Probe  
  25  2:23  Pylon  
  25  2:33  Photon Cannon  
  25  2:38  Stargate x2  
  25  2:46  Shield Battery  
  25  3:20  Nexus  
  25  3:21  Void Ray  
  29  3:44  Gateway x2  
  29  3:55  Void Ray (Chrono Boost)  
  32  4:07  Probe  
  33  4:18  Fleet Beacon  
  33  4:26  Void Ray (Chrono Boost)  
  36  4:47  Shield Battery  
  36  4:49  Photon Cannon  
  36  4:50  Photon Cannon  
  36  4:55  Warp Gate  
  36  4:57  Pylon  
  36  5:06  Unknown  
  36  5:09  Pylon  
  36  5:12  Pylon  
  36  5:24  Void Ray  
  40  5:50  Void Ray  
  44  6:14  Void Ray  
  48  6:27  Gateway  
  48  6:28  Gateway  
  48  6:37  Robotics Facility  
  48  7:09  Void Ray  
  48  7:14  Gateway  
  52  7:23  Photon Cannon  
  52  7:24  Photon Cannon  
  52  7:27  Gateway  
  52  7:34  Photon Cannon  
  52  7:51  Observer  
  53  7:52  Twilight Council  
  53  8:12  Observer  
  54  8:15  Gateway  
  54  8:21  Twilight Council  
  54  8:45  Void Ray  
  54  8:46  Warp Prism (Chrono Boost)  
  60  8:52  Pylon  
  60  9:04  Protoss Shields Level 1  
  60  9:11  Shield Battery  
  60  9:16  Pylon  
  60  9:19  Warp Prism (Chrono Boost)  
  58  9:54  Pylon, Nexus  
  58  10:12  Shield Battery  
  58  10:14  Photon Cannon  
  58  10:21  Probe (Chrono Boost)  
  59  10:31  Probe (Chrono Boost)  
  60  10:39  Stargate  
  59  10:54  Photon Cannon  
  59  11:12  Probe (Chrono Boost)  
  59  11:14  Photon Cannon  
  59  11:16  Photon Cannon  
  59  11:18  Observer  
  60  11:28  Probe (Chrono Boost)  
  61  11:38  Probe (Chrono Boost)  
  62  11:43  Probe (Chrono Boost)  
  62  11:45  Oracle  
  66  11:47  Probe  
  67  11:54  Probe  
  68  12:02  Photon Cannon  
  68  12:06  Probe  
  68  12:08  Void Ray  
  73  12:17  Dark Shrine, Charge  
  73  12:18  Probe  
  74  12:23  Photon Cannon  
  74  12:30  Probe  
  74  12:35  Carrier (Chrono Boost)  
  75  12:42  Probe  
  82  12:52  Tempest (Chrono Boost)  
  87  13:14  Gateway  
  87  13:16  Gateway  
  87  13:18  Tempest, Pylon  
  92  13:34  Photon Cannon  
  92  13:35  Photon Cannon  
  92  13:37  Shield Battery  
  92  13:39  Cybernetics Core  
  92  13:43  Probe (Chrono Boost)  
  92  13:47  Assimilator  
  93  13:50  Assimilator  
  93  13:52  Probe (Chrono Boost)  
  93  13:54  Protoss Air Weapons Level 1  
  94  14:08  Zealot x3  
  94  14:09  Zealot  
  102  14:10  Zealot  
  103  14:21  Zealot x3  
  109  14:28  Pylon  
  109  14:39  Pylon  
  109  14:43  Probe  
  110  14:46  Protoss Air Armor Level 1  
  110  14:49  Pylon  
  110  14:55  Probe  
  101  15:07  Pylon, Probe  
  101  15:12  Photon Cannon  
  102  15:15  Shield Battery  
  102  15:16  Photon Cannon  
  102  15:19  Probe  
  99  15:29  Tempest  
  99  15:30  Tempest  
  109  15:41  Tempest  
  112  15:54  Dark Templar  
  112  15:56  Zealot x2  
  116  16:07  Zealot x3  
  122  16:14  Dark Templar  
  124  16:22  Void Ray  
  122  16:34  Tempest  
  122  16:37  Probe (Chrono Boost)  
  128  16:46  Probe (Chrono Boost)  
  129  16:50  Dark Templar  
  129  16:51  Probe (Chrono Boost)  
  132  17:04  Tempest  
  133  17:30  Pylon  
  133  17:38  Tempest  
  133  17:41  Nexus  
  138  17:47  Pylon  
  138  17:48  Tempest  
  143  17:59  Dark Templar  
  143  18:00  Pylon  
  143  18:03  Pylon  
  141  18:17  Tempest  
  145  18:21  Probe (Chrono Boost)  
  142  18:30  Probe (Chrono Boost)  
  139  18:35  Probe (Chrono Boost)  
  139  18:37  Probe  
  139  18:40  Photon Cannon  
  141  18:42  Photon Cannon  
  142  18:49  Probe (Chrono Boost)  
  142  18:52  Probe (Chrono Boost)  
  142  18:54  Probe (Chrono Boost)  
  144  18:56  Tempest  
  149  19:04  Probe (Chrono Boost)  
  149  19:09  Pylon, Probe (Chrono Boost)  
  150  19:12  Pylon  
  151  19:20  Probe  
  151  19:22  Tempest x2  
  160  19:32  Probe  
  161  19:39  Tempest  
  158  20:03  Probe (Chrono Boost)  
  158  20:05  Tempest x2  
  158  20:06  Photon Cannon  
  169  20:08  Shield Battery  
  169  20:10  Photon Cannon  
  169  20:11  Shield Battery  
  169  20:13  Probe (Chrono Boost)  
  170  20:15  Pylon  
  170  20:18  Probe (Chrono Boost)  
  170  20:19  Photon Cannon  
  170  20:20  Photon Cannon  
  171  20:22  Tempest  
  171  20:27  Pylon  
  176  20:30  Probe  
  177  20:36  Zealot x2  
  177  20:37  Stargate, Zealot x3  
  177  20:38  Zealot x2  
  177  20:42  Probe  
  192  20:46  Unknown  
  192  20:54  Probe  
  185  21:06  Protoss Air Weapons Level 2, Probe  
  186  21:12  Unknown  
  186  21:16  Pylon  
  186  21:18  Probe  
  186  21:19  Unknown  
  186  21:25  Protoss Air Armor Level 2  
  187  21:30  Tempest x2  
  197  21:42  Probe  
  198  21:51  Blink  
  199  21:54  Probe  
  199  21:56  Photon Cannon  
  199  21:57  Protoss Shields Level 2, Photon Cannon  
  199  21:58  Photon Cannon  
  199  22:00  Photon Cannon  
  199  22:04  Shield Battery  
  199  22:07  Pylon  
  199  22:13  Photon Cannon  
  199  22:15  Photon Cannon  
  193  22:17  Photon Cannon  
  193  22:19  Shield Battery  
  193  22:22  Shield Battery  
  175  22:30  Tempest x3  
  178  23:00  Carrier  
  184  23:13  Carrier x2  
  196  23:30  Photon Cannon  
  196  23:33  Photon Cannon  
  196  23:35  Photon Cannon, Forge  
  196  23:39  Pylon  
  196  23:41  Pylon  
  196  23:44  Photon Cannon  
  196  23:45  Photon Cannon  
  196  23:51  Protoss Air Weapons Level 3  
  196  23:57  Observer  
  196  24:10  Unknown  
  196  24:22  Protoss Air Armor Level 3  
  196  24:30  Zealot x2  
  189  24:55  Stargate  
  189  24:57  Shadow Stride  
  189  25:00  Carrier  
  189  25:02  Carrier  
  196  25:25  Zealot  
  196  25:26  Zealot  
  193  25:37  Zealot x4  
  200  25:45  Dark Templar  
  192  26:02  Photon Cannon  
  192  26:03  Photon Cannon  
  193  26:04  Photon Cannon  
  193  26:09  Photon Cannon  
  193  26:10  Photon Cannon  
  186  26:15  Pylon  
  186  26:16  Dark Templar x5  
  186  26:17  Photon Cannon x2  
  196  26:21  Pylon  
  196  26:24  Probe  
  196  26:26  Pylon  
  196  26:36  Probe  
  197  26:48  Probe (Chrono Boost)  
  198  26:59  Probe (Chrono Boost)  
  199  27:03  Probe (Chrono Boost)  
  200  27:20  Photon Cannon  
  200  27:22  Photon Cannon  
  190  27:24  Photon Cannon, Tempest x2  
  190  27:25  Photon Cannon  
  190  27:26  Photon Cannon  
  190  27:28  Pylon  
  200  28:00  Pylon  
  200  28:03  Pylon  
  200  28:04  Pylon  
  200  28:06  Pylon  
  200  28:12  Photon Cannon  
  200  28:13  Photon Cannon  
  199  29:02  Photon Cannon  
  199  29:03  Photon Cannon  
  199  29:07  Pylon  
  199  29:08  Photon Cannon  
  199  29:10  Photon Cannon  
  199  29:11  Photon Cannon  
  199  29:13  Pylon  
  199  29:15  Photon Cannon  
Tags
 
Add a new tag
Caveats
  • Supply blocks, unpowered buildings, or Contaminate may cause inaccurate times.
  • Supply counts are checked every 10 seconds.